 Dungeon Crawl Stone Soup version 0.32-a0-485-g70f7560b1c (webtiles) character file.

Game seed: 14788305363911530652

140442 Aldia the Spry (level 16, -4/91 HPs)
             Began as a Felid Summoner on Feb 26, 2024.
             Was an Initiate of Gozag.
             Engulfed by a cloud of flame (43 damage)
             ... on level 4 of the Swamp.
             The game lasted 02:25:29 (34201 turns).

Aldia the Spry (Felid Summoner)                    Turns: 34201, Time: 02:25:29

Health: -4/91      AC:  3    Str: 12    XL:     16   Next: 75%
Magic:  23/41      EV: 39    Int: 31    God:    Gozag
Gold:   5246       SH:  0    Dex: 21    Spells: 3/38 levels left
                                        Lives:  0   Deaths: 6

rFire   . . .        (weapon unavailable)
rCold   . . .        (shield unavailable)
rNeg    . . .        (body armour unavailable)
rPois   +            (helmet unavailable)
rElec   +            (cloak unavailable)
rCorr   .            (gloves unavailable)
SInv    +            (boots unavailable)
Will    ++...        v - amulet of magic regeneration
Stlth   +++          r - ring of Reimbursement {rC- EV+5 Str+8 Dex+2}
HPRegen 0.35/turn    F - ring "Nafoah" {rElec rPois MP+9 Int+6}
MPRegen 0.67/turn

%: no passive effects
@: maw-form, forested, gold aura, unable to call your familiar
A: devouring maw, very small, claws 1, fangs 3, see invisible, shaggy fur 3,
stealthy paws, no weapons or thrown items, no armour, multi-lived
a: Begin Untransformation, Renounce Religion, Potion Petition, Call Merchant,
Bribe Branch


You were on level 4 of the Swamp.
You worshipped Gozag.
Gozag was greatly pleased with you.
You were a creature with a mouth for a stomach.
You visited 5 branches of the dungeon, and saw 27 of its levels.
You visited 1 bazaar.

You collected 10766 gold pieces.
You spent 3548 gold pieces at shops.
You paid 1972 gold pieces to Gozag.

Inventory:

Jewellery
 b - an amulet of regeneration
 l - a ring of fire
 r - the ring of Reimbursement (left paw) {rC- EV+5 Str+8 Dex+2}
   (You found it on level 6 of the Dungeon)

   [ring of evasion]

   EV+5:      It affects your evasion (+5).
   Str+8:     It affects your strength (+8).
   Dex+2:     It affects your dexterity (+2).
   rC-:       It makes you vulnerable to cold.
 t - a ring of flight
 v - an amulet of magic regeneration (around neck)
 C - a ring of protection from cold
 F - the ring "Nafoah" (right paw) {rElec rPois MP+9 Int+6}
   (You bought it in a shop on level 1 of the Lair of Beasts)

   [ring of intelligence]

   Int+6:     It affects your intelligence (+6).
   rElec:     It insulates you from electricity.
   rPois:     It protects you from poison MP+9: It affects your magic capacity
   (+9).
 P - a ring of willpower
 Q - a ring of wizardry
Talismans
 h - a maw talisman (active)
 p - a dragon-blood talisman
 V - a granite talisman
Wands
 i - a wand of roots (8)
 u - a wand of flame (46)
 D - a wand of paralysis (13)
 E - a wand of polymorph (9)
 L - a wand of acid (9)
 R - a wand of digging (9)
Scrolls
 f - 4 scrolls of fog
 g - 9 scrolls of teleportation
 j - 2 scrolls of revelation
 m - 8 scrolls of blinking
 w - 2 scrolls of vulnerability
 y - 2 scrolls of immolation
 B - 2 scrolls of fear
 J - a scroll of noise
 K - a scroll of torment
 M - 4 scrolls of poison
 O - 2 scrolls of silence
 T - 3 scrolls of identify
Potions
 a - 8 potions of heal wounds
 c - 3 potions of enlightenment
 d - 6 potions of lignification
 e - 9 potions of curing
 k - 5 potions of attraction
 n - 4 potions of haste
 o - 3 potions of might
 q - 2 potions of berserk rage
 s - 2 potions of resistance
 x - 2 potions of cancellation
 z - 6 potions of mutation
 A - 10 potions of ambrosia
 G - 2 potions of invisibility
 I - 2 potions of brilliance
 N - a potion of magic
Miscellaneous
 H - a box of beasts
 U - a condenser vane (inert)


   Skills:
 - Level 13.1 Fighting
 + Level 18.1 Dodging
 - Level 3.6 Stealth
 + Level 11.8 Spellcasting
 - Level 8.0 Hexes
 - Level 13.0 Summonings
 - Level 5.0 Necromancy
 - Level 5.0 Translocations
 - Level 5.0 Fire Magic
 - Level 5.0 Air Magic
 * Level 11.2 Shapeshifting


You had 3 spell levels left.
You knew the following spells:

 Your Spells              Type           Power      Damage    Failure   Level
a - Summon Cactus Giant   Summ           39%        N/A       1%          6
b - Summon Forest         Summ/Tloc      32%        N/A       1%          5
c - Call Canine Familiar  Summ           78%        N/A       1%          3
d - Summon Blazeheart Go  Fire/Summ      65%        N/A       1%          4
e - Summon Lightning Spi  Summ/Air       65%        N/A       1%          4
f - Blink                 Tloc           98%        N/A       1%          2
g - Anguish               Hex/Necr       27%        N/A       1%          4
h - Tukima's Dance        Hex            61%        N/A       1%          3
i - Martyr's Knell        Necr/Summ      65%        N/A       1%          4

Your spell library contained the following spells:

 Spells                   Type           Power      Damage    Failure   Level
 Summon Small Mammal      Summ           100%       N/A       0%          1
 Apportation              Tloc           98%        N/A       1%          1
 Foxfire                  Conj/Fire      100%       2x1d9     1%          1
 Necrotise                Necr           100%       1d9       1%          1
 Call Imp                 Summ           100%       N/A       1%          2
 Lesser Beckoning         Tloc           98%        N/A       1%          2
 Momentum Strike          Conj/Tloc      66%        3d9       1%          2
 Sublimation of Blood     Necr           49%        N/A       1%          2
 Fugue of the Fallen      Necr           49%        N/A       1%          3
 Vampiric Draining        Necr           49%        2d9       1%          3
 Sandblast                Erth           36%        2d10      2%          1
 Sting                    Conj/Alch      72%        1d7       2%          1
 Ozocubu's Armour         Ice            18%        N/A       9%          3
 Passwall                 Erth           18%        N/A       9%          3
 Stone Arrow              Conj/Erth      36%        3d9       9%          3
 Cause Fear               Hex            30%        N/A       1%          4
 Summon Mana Viper        Hex/Summ       70%        N/A       1%          5
 Manifold Assault         Tloc           49%        N/A       3%          4
 Passage of Golubria      Tloc           49%        N/A       3%          4
 Vhi's Electric Charge    Tloc/Air       98%        N/A       3%          4
 Ignite Poison            Fire/Alch      33%        N/A       10%         4
 Sticky Flame             Fire/Alch      33%        2d7       10%         4
 Curse of Agony           Necr           49%        N/A       10%         5
 Summon Hydra             Summ           39%        N/A       11%         7
 Metabolic Englaciation   Hex/Ice        21%        N/A       14%         5
 Yara's Violent Unravell  Hex/Alch       21%        3d10      14%         5
 Brom's Barrelling Bould  Conj/Erth      18%        2d4       26%         4
 Arcjolt                  Conj/Air       16%        1d26      26%         5
 Borgnjor's Vile Clutch   Necr/Erth      16%        N/A       26%         5
 Death Channel            Necr           24%        N/A       47%         6
 Plasma Beam              Fire/Air       24%        2x1d36    47%         6
 Lee's Rapid Deconstruct  Erth           9%         3d7*      58%         5
 Enfeeble                 Hex            30%        N/A       65%         7
 Conjure Ball Lightning   Conj/Air       16%        3x3d6     83%         6
 Starburst                Conj/Fire      16%        6d6       83%         6
 Spellforged Servitor     Conj/Summ      27%        N/A       85%         7
 Bombard                  Conj/Erth      9%         9d2       99%         6
 Sculpt Simulacrum        Ice/Alch       9%         N/A       99%         6
 Orb of Destruction       Conj           9%         9d6       100%        7
 Discord                  Hex            30%        N/A       100%        8
 Disjunction              Tloc           24%        N/A       100%        8
 Ignition                 Fire           24%        3d8       100%        8
 Lehudib's Crystal Spear  Conj/Erth      9%         10d4      100%        8
 Maxwell's Capacitive Co  Air            24%        ∞         100%        8
 Animate Armour           Summ/Erth      Unusable   N/A       N/A         4
 Animate Dead             Necr           Unusable   N/A       N/A         4

Dungeon Overview and Level Annotations

Branches:
Dungeon (15/15)            Temple (1/1) D:4            Lair (5/5) D:11
  Swamp (4/4) Lair:2        Snake (0/4) Lair:2        Slime (0/5) Lair:5
    Orc (2/2) D:10            Elf (0/3) Orc:2        Vaults (0/5) D:13
 Depths (0/4) D:15

Altars:
Ashenzari
Cheibriados
Dithmenos
Elyvilon
Fedhas
Gozag
Hepliaklqana
Kikubaaqudgha
Makhleb
Nemelex Xobeh
Okawaru
Qazlal
Ru
Sif Muna
Trog
Uskayaw
Vehumet
Wu Jian
Xom
Yredelemnul
Zin
The Shining One
Beogh
Jiyva
Lugonu

Shops:
D:4 (   Orc:2 !:*((   Lair:1 :=   Lair:3 :

Portals:
Abyss: Lair:5
Trove: D:15 (give 4 scrolls of blinking)

Annotations:
D:5 exclusion: orc priest
D:6 exclusions: door, orc and orc priest
D:8 3 runed translucent doors, avangion's ghost, novice OpSh
D:15 1 runed translucent door


Innate Abilities, Weirdness & Mutations

You are a creature with a mouth for a stomach.
Your midsection houses a second, enormous mouth.
You have sharp claws.
You have razor-sharp teeth.
You have supernaturally acute eyesight. (SInv)
Your thick and shaggy fur keeps you warm. (AC +3, rC+)
Your paws help you pounce on unaware monsters.
You are incapable of wielding weapons or throwing items.
You cannot wear armour.
You gain extra lives every three experience levels.


Message History

Your blazeheart golem festers in the toxic bog.
Your blazeheart golem punches the fenstrider witch!!
The fenstrider witch dies!
You hear a splash.
Your blazeheart golem falls apart, revealing its core!
The hornet completely misses your blazeheart core.
Unknown command.
Unknown command.
You enter the shallow water.
Moving in this stuff is going to be slow.
The tentacled monstrosity is no longer distracted by gold.
Branches wave dangerously above you.
A tree reaches out and hits the five-headed hydra!
Your blazeheart core explodes!
The fiery explosion engulfs the hornet!!!
You kill the hornet!
The fiery explosion engulfs your lightning spire.
Your lightning spire resists.
The fiery explosion engulfs your cactus giant!!
Your cactus giant disappears in a puff of smoke!
Your lightning spire disappears in a puff of smoke!
The five-headed hydra misses you.
The five-headed hydra barely misses you.
The five-headed hydra completely misses you. x3
The tentacled monstrosity is distracted by your dazzling golden aura.
Your dryad hits the thorn hunter but does no damage.
Unknown command.
Unknown command.
The trees move their gnarly branches around.
A root smacks the five-headed hydra from below!
A tree reaches out and hits the five-headed hydra!
The five-headed hydra dies!
The thorn hunter fires a volley of thorns at you.
The volley of thorns hits your dryad!
Your dryad splashes around in the water.
The thorn hunter fires a volley of thorns at you.
The volley of thorns hits your dryad!!
You are engulfed in blazing flames.
You die...
Your body crumbles into a pile of gold.

~~~,* *~~****♣♣♣♣♣..~~~~~~~~,*
~~~,* ***♣♣♣♣♣♣♣♣......♣~~~~,*
~~,** ♣♣♣♣♣♣.~$w♣~~~♣,~~~,*
~~~** ***♣♣♣♣♣....~.~~.♣,~,,**
~~~,***,,♣♣♣♣♣♣§...~~~.♣♣******
~~~~,,,~~~.♣♣♣♣♣.§~§~~~.♣**~~~*
,~~,,~,~.~~~...§$~~~~~~§♣~,~~,*
,,~,~~~*.~~~~~~°°~~~~§~~~,,,,~*
~~~,~~~,.~~~~~~$W~R~§~~~~~~~,**
~~~~,~~,..~§~~~§°§Wf§~~~~~~~,*
,~,~~~~,~♣♣.§$$...$~~~~~~~~~**
****,,,**♣♣♣.X~~.♣.<.~~~.,,** *
**,,*~.~♣.~~~...~..~.♣***
*****.♣...~~~~~.~~~.♣
*~*~~♣.~~~~~~.~~~.♣
**,~♣♣♣.~§~~....~.***
*,~~,***,~~~,**~,**~**


You could see a tentacled monstrosity, a thorn hunter (ally target), a tyrant
leech, a friendly flayed ghost (summoned) and a friendly dryad (summoned).

Vanquished Creatures
  A storm dragon (D:15)
  A hydra (Lair:2)
  Erica (D:11)
  Erolcha (D:10)
  3 two-headed ogres
  A vampire mage (D:15)
  A death yak (Lair:1)
  Urug (Lair:3)
  2 skeletal warriors
  An arcanist (D:14)
  An orc knight (Orc:2)
  A deep elf pyromancer (D:14)
  An ugly thing (Lair:5)
  5 orc sorcerers (Orc:2)
  2 cyclopes
  A black mamba (Lair:5)
  14 elephants
  4 cane toads
  2 rime drakes (Lair:4)
  2 kobold demonologists (D:10)
  2 komodo dragons
  2 trolls
  2 hornets
  A queen bee (D:10)
  A nameless horror (Lair:5)
  A blink frog (Lair:5)
  A shadow (D:9)
  A wraith (D:12)
  4 wyverns
  19 yaks
  2 basilisks
  2 vampire mosquitoes (D:11)
  2 nagas (Lair:2)
  5 water moccasins
  2 orc warriors
  An ogre (Orc:2)
  A wolf (Lair:2)
  5 bullfrogs
  A scorpion (D:4)
  6 wights
  7 killer bees
  An electric eel (Lair:2)
  3 orc priests
  An iguana (D:11)
  5 orc wizards
  3 hell rats
  An adder (D:5)
  A white imp (D:7)
  2 dart slugs
  11 orcs
  2 ball pythons
  4 endoplasms
  3 goblins
  2 hobgoblins
  3 bats
  2 rats (D:1)
158 creatures vanquished.

Vanquished Creatures (collateral kills)
  Bai Suzhen (Swamp:3)
  Nikola (Swamp:2)
  Rupert (Lair:4)
  A tengu reaver (D:15)
  A fenstrider witch (Swamp:4)
  A frost giant (D:15)
  3 eleionomae
  2 bunyips (Swamp:2)
  2 shambling mangroves
  5 vault guards (D:13)
  8 hydras
  2 sphinx zombies (D:15)
  4 boulder beetles
  4 alligators
  A ghost crab (Swamp:2)
  2 ogre magi
  2 catoblepae
  4 centaur warriors
  8 two-headed ogres
  8 death yaks
  3 thrashing horrors (Lair:5)
  Sonja (D:12)
  3 goliath frogs
  6 skeletal warriors
  An arcanist (D:14)
  3 spriggan druids
  2 swamp dragons
  3 bog bodies
  A necromancer (D:15)
  A harpy (shapeshifter) (Lair:5)
  2 cyclopes
  6 ugly things
  4 manticores
  4 will-o-the-wisps
  Maurice (D:11)
  A faun (Lair:1)
  5 orc sorcerers (Orc:2)
  A black mamba (shapeshifter) (Lair:5)
  A black mamba (Lair:3)
  A meliai (shapeshifter) (D:14)
  2 torpor snails (Lair:1)
  A guardian serpent (shapeshifter) (D:15)
  9 elephants
  A smoke demon (Lair:5)
  3 cane toads
  3 gargoyles (D:12)
  5 large abominations (Lair:5)
  A freezing wraith (D:14)
  3 rime drakes (Lair:4)
  A komodo dragon (shapeshifter) (D:15)
  A komodo dragon (Lair:5)
  2 unseen horrors (D:12)
  A rime drake (shapeshifter) (Lair:5)
  A kobold demonologist (D:13)
  Psyche (D:12)
  3 trolls
  3 polar bears
  7 tyrant leeches
  11 hornets
  A tarantella (shapeshifter) (D:15)
  23 blink frogs
  A raiju (Lair:5)
  17 spriggans
  A wraith (D:12)
  2 shadows (D:11)
  A water elemental (D:13)
  6 wyverns
  2 centaur simulacra (D:13)
  A ynoxinul (Lair:5)
  10 basilisks
  26 yaks
  A human (shapeshifter) (Lair:5)
  6 humans (D:13)
  5 wargs (Orc:2)
  13 vampire mosquitoes
  2 nagas (Lair:2)
  2 acid dragons
  11 small abominations (Lair:5)
  11 swamp worms
  A nameless horror (D:11)
  10 water moccasins
  21 orc warriors
  13 ogres
  7 wolves (Lair:2)
  6 centaurs
  A kobold brigand (D:6)
  13 bullfrogs
  7 scorpions
  19 wights
  A burial acolyte (D:6)
  17 killer bees
  2 howler monkeys (D:6)
  A bombardier beetle (D:4)
  2 hounds
  13 orc priests
  A jelly (D:6)
  3 iguanas
  35 orc wizards
  4 sleepcaps
  Natasha (twice) (D:3)
  11 hell rats
  3 hound zombies (D:6)
  Robin (D:3)
  6 gnolls
  2 adders
  3 shadow imps (D:6)
  3 white imps
  8 ufetubi
  2 dart slugs
  3 ribbon worms
  85 orcs
  4 endoplasms
  A giant cockroach (D:1)
  2 gnoll zombies (D:6)
  13 goblins
  6 hobgoblins
  6 jackals (D:1)
  6 ball pythons
  2 bats
  A frilled lizard (D:1)
  A kobold (D:2)
  2 kobold zombies (D:6)
  A rat (D:1)
663 creatures vanquished.

Vanquished Creatures (others)
  A centaur warrior (D:13)
  A skeletal warrior (D:15)
  Lodul (D:14)
  2 dancing weapons
  An elephant (Lair:3)
  A wind drake (shapeshifter) (D:13)
  A blink frog (Lair:5)
  3 yaks
  A human (D:13)
  An orc warrior (Orc:1)
  3 ogres
  An orc wizard (D:8)
  A hell rat (Lair:3)
  An orc (D:7)
  105 blazeheart cores
  29 foxfires
  15 snaplasher vines
168 creatures vanquished.

Grand Total: 989 creatures vanquished

Notes
Turn   | Place    | Note
-------+----------+-------------------------------------------
     0 | D:1      | Aldia the Felid Summoner began the quest for the Orb.
     0 | D:1      | Reached XP level 1. HP: 9/9 MP: 4/4
   315 | D:1      | Reached XP level 2. HP: 5/13 MP: 0/6
   334 | D:1      | Learned a level 2 spell: Call Imp
  1028 | D:2      | Found a hide-covered altar of Uskayaw.
  1090 | D:2      | Reached XP level 3. HP: 16/16 MP: 2/8
  1094 | D:2      | Learned a level 3 spell: Call Canine Familiar
  1790 | D:2      | Found a faded altar of an unknown god.
  2060 | D:3      | Found a stormy altar of Qazlal.
  2060 | D:3      | Found a hide-covered altar of Uskayaw.
  2215 | D:3      | Noticed Natasha
  2227 | D:3      | Killed Natasha
  2228 | D:3      | Reached XP level 4. HP: 11/21 MP: 2/9
  2228 | D:3      | Gained a life (2 lives remaining)
  2312 | D:3      | Noticed Robin
  2323 | D:3      | Killed Robin
  2324 | D:3      | Reached skill level 5 in Summonings
  2500 | D:4      | Noticed a scorpion
  2538 | D:4      | Killed a scorpion
  2539 | D:4      | Reached XP level 5. HP: 24/24 MP: 2/11
  2552 | D:4      | Learned a level 4 spell: Summon Blazeheart Golem
  2622 | D:4      | Reached skill level 1 in Fire Magic
  2660 | D:4      | Gained mutation: You are covered in thick fur. (AC +2)
                  | [Felid growth]
  2660 | D:4      | Reached XP level 6. HP: 11/28 MP: 0/13
  2671 | D:4      | Found a sacrificial altar of Ru.
  2671 | D:4      | Found a radiant altar of Vehumet.
  2757 | D:4      | Became a worshipper of Ru the Awakened
  2885 | D:4      | Found a staircase to the Ecumenical Temple.
  2900 | Temple   | Entered the Ecumenical Temple
  2990 | D:4      | Found Ivviaph's Antique Weapon Shop.
  3129 | D:3      | Noticed Natasha
  3138 | D:3      | Killed Natasha
  3391 | Temple   | Fell from the grace of Ru
  3391 | Temple   | Became a worshipper of Gozag Ym Sagoz the Greedy
  3524 | D:4      | Reached XP level 7. HP: 32/32 MP: 9/14
  3897 | D:5      | Entered Level 5 of the Dungeon
  4661 | D:5      | Reached skill level 5 in Spellcasting
  4910 | D:5      | Found a broken altar of Ashenzari.
  5002 | D:6      | Learned a level 4 spell: Summon Lightning Spire
  5005 | D:6      | Learned a level 2 spell: Blink
  5082 | D:6      | Reached XP level 8. HP: 36/36 MP: 12/16
  5195 | D:6      | Identified the +1 leather armour of the Forest {rCorr Str-4
                  | SInv}
  5351 | D:6      | Found an ancient bone altar of Kikubaaqudgha.
  5365 | D:6      | Reached skill level 5 in Fire Magic
  5703 | D:6      | Reached skill level 1 in Fighting
  5703 | D:6      | Reached skill level 1 in Air Magic
  5827 | D:6      | Identified the ring of Reimbursement {rC- EV+5 Str+8 Dex+2}
  5973 | D:6      | Killed from afar by an electric eel
  5973 | D:6      | Lost a life (1 life remaining)
  6541 | D:7      | Reached skill level 3 in Dodging
  6752 | D:6      | Reached skill level 4 in Dodging
  6752 | D:6      | Reached XP level 9. HP: 35/42 MP: 14/19
  6752 | D:6      | Gained a life (2 lives remaining)
  8108 | D:8      | Found an iron altar of Okawaru.
  8162 | D:8      | Reached skill level 5 in Dodging
  8216 | D:8      | Found a runed translucent gate.
  8217 | D:8      | Found a runed translucent gate.
  8218 | D:8      | Found a runed translucent gate.
  8220 | D:8      | Noticed avangion's ghost (novice OpSh)
  8220 | D:8      | Noticed a spectral unseen horror
  8451 | D:8      | Reached skill level 6 in Dodging
  8648 | D:8      | Reached XP level 10. HP: 51/51 MP: 13/21
  9457 | D:9      | Noticed a two-headed ogre
  9475 | D:9      | Killed a two-headed ogre
  9476 | D:9      | Reached skill level 5 in Fighting
  9548 | D:9      | Reached skill level 7 in Dodging
 10053 | D:10     | Entered Level 10 of the Dungeon
 10087 | D:10     | Found a shimmering altar of Xom.
 10087 | D:10     | Found a glowing silver altar of Zin.
 10088 | D:10     | Noticed an angel
 10198 | D:10     | Reached skill level 5 in Air Magic
 10237 | D:10     | Noticed Erolcha
 10247 | D:10     | Killed Erolcha
 10319 | D:10     | Reached skill level 8 in Dodging
 10491 | D:10     | Reached XP level 11. HP: 56/56 MP: 19/23
 10679 | D:10     | Reached skill level 10 in Summonings
 11437 | D:10     | Found a staircase to the Orcish Mines.
 11491 | D:10     | Reached skill level 9 in Dodging
 11905 | D:10     | Found a blossoming altar of Fedhas.
 11905 | D:10     | Found a faded altar of an unknown god.
 11922 | D:10     | Found a glowing golden altar of the Shining One.
 11923 | D:10     | HP: 1/58 [large slime creature (13)]
 11927 | D:10     | Mangled by a large slime creature
 11927 | D:10     | Lost a life (1 life remaining)
 11978 | D:10     | Found a faded altar of an unknown god.
 11981 | D:10     | Found a shimmering blue altar of Sif Muna.
 12285 | D:11     | Noticed a two-headed ogre
 12600 | D:11     | Killed a two-headed ogre
 12605 | D:11     | Noticed a two-headed ogre
 12606 | D:11     | Noticed Erica
 12610 | D:11     | Found a staircase to the Lair.
 12638 | D:11     | Slain by a troll
 12638 | D:11     | Lost a life (0 lives remaining)
 12756 | D:11     | Reached skill level 10 in Dodging
 12768 | D:11     | Killed a two-headed ogre
 12804 | D:11     | Killed Erica
 13011 | Lair:1   | Entered Level 1 of the Lair of Beasts
 13071 | Lair:1   | Learned a level 4 spell: Anguish
 13117 | Lair:1   | You are sucked into a shaft and drop 1 floor!
 13161 | Lair:2   | Found a staircase to the Swamp.
 13162 | Lair:2   | Noticed a bog body
 13203 | Lair:2   | Reached skill level 1 in Hexes
 13203 | Lair:2   | Reached skill level 1 in Translocations
 13288 | Lair:2   | Upgraded the game from 0.32-a0-473-gd044c6f0f0 to
                  | 0.32-a0-485-g70f7560b1c
 13329 | Lair:2   | Learned a level 3 spell: Tukima's Dance
 13334 | Lair:2   | Learned a level 4 spell: Martyr's Knell
 13354 | Lair:2   | Noticed a four-headed hydra
 13370 | Lair:2   | Killed a four-headed hydra
 13371 | Lair:2   | Reached skill level 11 in Dodging
 13371 | Lair:2   | Gained mutation: Your thick and shaggy fur keeps you warm.
                  | (AC +3, rC+) [Felid growth]
 13371 | Lair:2   | Reached XP level 12. HP: 65/65 MP: 12/26
 13371 | Lair:2   | Gained a life (1 life remaining)
 13859 | Lair:1   | Noticed a death yak
 13860 | Lair:1   | Noticed a death yak
 14045 | Lair:1   | Reached skill level 1 in Necromancy
 14211 | Lair:1   | Reached skill level 5 in Hexes
 14453 | Lair:1   | Killed a death yak
 14454 | Lair:1   | Reached skill level 10 in Spellcasting
 14490 | D:11     | Killed a death yak
 14491 | D:11     | Reached skill level 12 in Dodging
 15386 | Lair:2   | Reached skill level 1 in Shapeshifting
 15596 | Lair:2   | Reached XP level 13. HP: 38/71 MP: 23/28
 15596 | Lair:2   | Gained a life (2 lives remaining)
 15745 | Lair:2   | Found a staircase to the Snake Pit.
 16220 | Lair:3   | Noticed Urug
 16230 | Lair:3   | Mangled by an elephant
 16230 | Lair:3   | Lost a life (1 life remaining)
 16359 | Lair:3   | Bought Even More Theurgy for 840 gold pieces
 16367 | Lair:3   | Learned a level 6 spell: Summon Cactus Giant
 16671 | Lair:3   | Killed Urug
 16672 | Lair:3   | Reached skill level 10 in Fighting
 16752 | Lair:3   | Reached skill level 13 in Dodging
 16776 | Lair:3   | Reached skill level 5 in Necromancy
 17380 | Lair:3   | Identified the +0 dagger of the Unseen Realm {drain, +Blink
                  | MP-9 Stlth+}
 18107 | Lair:4   | Noticed Rupert
 19023 | Lair:4   | Killed Rupert
 19276 | Lair:5   | Entered Level 5 of the Lair of Beasts
 19477 | Lair:5   | Found a staircase to the Slime Pits.
 19482 | Lair:5   | Found a viscous altar of Jiyva.
 19855 | Lair:5   | Killed by an exploding blazeheart core
 19855 | Lair:5   | Lost a life (0 lives remaining)
 19939 | Lair:5   | Reached skill level 14 in Dodging
 20016 | Lair:5   | Reached XP level 14. HP: 77/77 MP: 26/29
 20335 | Lair:5   | Identified the +9 trident of Starshine {heavy, Will+}
 20788 | Lair:5   | Found a corrupted altar of Lugonu.
 20788 | Lair:5   | Found a one-way gate to the infinite horrors of the Abyss.
 21057 | Lair:1   | Bought the ring "Nafoah" {rElec rPois MP+9 Int+6} for 1096
                  | gold pieces
 21295 | D:11     | Noticed Maurice
 21303 | D:11     | Killed Maurice
 21838 | D:12     | Noticed Sonja
 22014 | Orc:1    | Entered Level 1 of the Orcish Mines
 22473 | Orc:2    | Entered Level 2 of the Orcish Mines
 22492 | Orc:2    | Found a staircase to the Elven Halls.
 22627 | Orc:2    | Reached skill level 5 in Shapeshifting
 23008 | Orc:2    | Found Mueps's Assorted Antiques.
 23028 | Orc:2    | Bought a scroll labelled FIRRORGHOISS for 26 gold pieces
 23028 | Orc:2    | Bought a scroll labelled YNAOSTUECU for 26 gold pieces
 23029 | Orc:2    | Bought a scroll of identify for 52 gold pieces
 23631 | Orc:2    | Found Peuceirgh's Antique Weapon Emporium.
 23637 | Orc:2    | Reached skill level 15 in Dodging
 23712 | Orc:2    | Found Xibin's Antique Weapon Shoppe.
 23734 | Orc:2    | Found an ancient bone altar of Kikubaaqudgha.
 24011 | Orc:2    | Found a radiant altar of Vehumet.
 24046 | Orc:2    | Found a roughly hewn altar of Beogh.
 24046 | Orc:2    | Found Zaamogon's Book Emporium.
 24078 | Orc:2    | Found Xeomm's Distillery.
 24090 | Orc:2    | Bought a potion of brilliance for 56 gold pieces
 24090 | Orc:2    | Bought a potion of heal wounds for 70 gold pieces
 24090 | Orc:2    | Bought a potion of heal wounds for 70 gold pieces
 24090 | Orc:2    | Bought a potion of brilliance for 56 gold pieces
 25115 | D:12     | Killed Sonja
 25152 | D:12     | Noticed Psyche
 25158 | D:12     | Reached XP level 15. HP: 51/84 MP: 26/30
 25179 | D:12     | Killed Psyche
 26040 | D:13     | Found a flickering gateway to a bazaar.
 26063 | Bazaar   | Entered a bazaar
 26110 | Bazaar   | Found Fushrir's Book Shop.
 26118 | Bazaar   | Bought a book of Battle for 234 gold pieces
 26138 | Bazaar   | Found Sowy's Antique Armour Shop.
 26152 | Bazaar   | Found Visto's General Store.
 26160 | Bazaar   | Bought 3 scrolls of teleportation for 144 gold pieces
 26160 | Bazaar   | Bought a scroll of teleportation for 48 gold pieces
 26160 | Bazaar   | Bought a potion of magic for 128 gold pieces
 26166 | Bazaar   | Found Ihoohy's General Store.
 26174 | Bazaar   | Bought a scroll of blinking for 105 gold pieces
 26174 | Bazaar   | Bought a potion of mutation for 112 gold pieces
 26174 | Bazaar   | Bought a scroll of amnesia for 56 gold pieces
 26174 | Bazaar   | Bought a scroll of revelation for 105 gold pieces
 26181 | Bazaar   | Learned a level 5 spell: Summon Forest
 26199 | Bazaar   | Found Nileitoi's Armour Shop.
 26305 | Bazaar   | Bought the Collected Works on Conjuration for 324 gold
                  | pieces
 26685 | D:13     | Found a gate to the Vaults.
 26965 | D:13     | Reached skill level 5 in Translocations
 27420 | D:13     | Reached skill level 16 in Dodging
 28211 | D:14     | Noticed Lodul
 28237 | D:14     | Killed Lodul
 28838 | D:15     | Entered Level 15 of the Dungeon
 28930 | D:15     | Found a staircase to the Depths.
 29433 | D:15     | Found a runed translucent door.
 29442 | D:15     | Noticed a tengu reaver
 29530 | D:15     | Found a portal to a secret trove of treasure.
 29661 | D:15     | Noticed a storm dragon
 29680 | D:15     | Found a runed translucent door.
 29928 | D:15     | Noticed a frost giant
 29931 | D:15     | Killed a tengu reaver
 29945 | D:15     | Killed a frost giant
 30008 | D:15     | Noticed a storm dragon
 30011 | D:15     | Reached XP level 16. HP: 91/91 MP: 32/32
 30011 | D:15     | Gained a life (1 life remaining)
 30031 | D:15     | Killed a storm dragon
 30283 | Swamp:1  | Entered Level 1 of the Swamp
 30324 | Swamp:1  | Reached skill level 17 in Dodging
 31942 | Swamp:2  | Reached skill level 10 in Shapeshifting
 32461 | Swamp:2  | Killed from afar by a will-o-the-wisp
 32461 | Swamp:2  | Lost a life (0 lives remaining)
 32881 | Swamp:2  | Noticed Nikola
 32898 | Swamp:2  | Killed Nikola
 33218 | Swamp:3  | Identified a scroll of acquirement
 33219 | Swamp:3  | Acquired 601 gold pieces
 33302 | Swamp:3  | Identified the +1 mace of Ruination {drain, rCorr Dex+3}
 33353 | Swamp:3  | Noticed Bai Suzhen
 33549 | Swamp:3  | Reached skill level 18 in Dodging
 33674 | Swamp:3  | Killed Bai Suzhen
 34141 | Swamp:4  | Entered Level 4 of the Swamp
 34192 | Swamp:4  | Noticed a thorn hunter
 34192 | Swamp:4  | Noticed a tentacled monstrosity
 34201 | Swamp:4  | Engulfed by a cloud of flame

Illustrated notes

Levels and vault maps discovered:
D:1:      lemuel_arrival_behind_the_door_large, layout_basic,
          dreamdust_wishing_well, nrook_loot_triangle, minmay_misc_feat_cross
D:2:      layout_loops_ring, shapermc_ecumenical_altar_petra, basic_altar,
          minmay_stone_trees_large
D:3:      layout_basic, chequers_temple_overflow_statue_of_worship,
          minmay_cut_off, uniq_natasha, uniq_robin
D:4:      layout_rooms, amethyst_overflow_temple_binary,
          minmay_temple_entry_nine_rooms, serial_shops, shop_statue,
          serial_corexii_hall, corexii_hall_statues_l,
          chequers_hall_statues_wall_a, minmay_fountain_box,
          hangedman_decor_peaks_small
D:5:      layout_basic, mainiacjoe_overflow_alcove_1
D:6:      layout_loops_cross, regret_index_kikubaaqudgha_part_by_part,
          nrook_pool_corridor, minmay_manual_moon
D:7:      layout_basic, minivault_25, hangedman_decor_opposing
D:8:      layout_basic, old_standard_altar, gammafunk_ghost_necromancy
D:9:      layout_basic
D:10:     layout_layer_cave, grunt_temple_overflow_order_and_chaos_1,
          chequers_temple_overflow_minitemple, hiddenorc2_lemuel, special_room
          [special_room_bee], uniq_erolcha
D:11:     layout_irregular_city, dpeg_lair_monsters, minmay_fractal_squares_5,
          uniq_erica, uniq_maurice
D:12:     layout_irregular_city, serial_park_tiny_1, uniq_sonja, uniq_psyche
D:13:     layout_roguey, ximxim_vaults_locker_room, serial_ice, serial_ice_h,
          serial_ice_a, serial_ice_n, serial_ice_f, serial_ice_k, serial_ice_g,
          serial_ice_m, serial_ice_c, serial_ice_b, serial_ice_d,
          portal_ice_cave_entry_pillars_1, serial_shops, bzr_entry_safe,
          special_room [special_room_orc], columned_hall_lemuel
D:14:     layout_cave_pods, dreamdust_mushroom_princess, minmay_crystal_room,
          uniq_lodul
D:15:     gammafunk_depths_entry_grave, layout_rooms, enter_trove_6,
          minmay_st_funbox, minivault_13
Temple:   hellmonk_temple_rainy
Lair:1:   layout_small_grid, grunt_forest_large_clearings
Lair:2:   layout_long_grid, skrybe_swamp_entry_bodies,
          minmay_snake_entry_guardpost_small, serial_bayou_shore_a,
          grunt_megastairs_2, lemuel_fruit_tree
Lair:3:   layout_small_grid, st_stairs_13, uniq_urug
Lair:4:   layout_roguey [special_room_mythical_zoo], lookout_lair_type,
          uniq_rupert
Lair:5:   hellmonk_lair_end_abyssal_woods, layout_loops_ring, slime_entry_1,
          lemuel_fruit_fields
Swamp:1:  nicolae_swamp_wrong_neighborhood, layout_basic_swamp,
          serial_swamp_ruin, evilmike_swamp_ruin_house_3,
          evilmike_swamp_ruin_house_6, evilmike_swamp_ruin_house_5
Swamp:2:  layout_basic_swamp, evilmike_swamp_ruin_wall, uniq_nikola
Swamp:3:  layout_basic_swamp, infiniplex_staircase_pool, ldierk_geyser,
          swamp_pool_1_2, uniq_bai_suzhen
Swamp:4:  swamp_fiery, layout_basic_swamp
Orc:1:    layout_caves
Orc:2:    kennysheep_orc_mage_school, layout_caves, serial_shops, shop,
          nooodl_orcs_dogs

Skill      XL: |  1  2  3  4  5  6  7  8  9 10 11 12 13 14 15 16 |
---------------+-------------------------------------------------+-----
Spellcasting   | 3 4 5 6 7 9 10 11 | 11.8
Summonings     | 5 6 7 8 9 10 11 13 | 13.0
Fire Magic     | 1 3 4 5 |  5.0
Stealth        | 3 |  3.6
Fighting       | 2 4 6 8 9 10 12 13 | 13.1
Air Magic      | 2 4 5 |  5.0
Dodging        | 4 6 8 11 12 14 15 16 18 | 18.1
Hexes          | 2 7 8 |  8.0
Translocations | 2 4 5 |  5.0
Necromancy     | 4 5 |  5.0
Shapeshifting  | 1 3 6 8 11 | 11.2

Action                     |  1- 3 |  4- 6 |  7- 9 | 10-12 | 13-15 | 16-18 || total
---------------------------+-------+-------+-------+-------+-------+-------++-------
  Melee: Unarmed           |    42 |    32 |    64 |   149 |   209 |     7 ||   503
         Bite              |     6 |     7 |     9 |    22 |    25 |       ||    69
         Punch             |     1 |       |       |     1 |     8 |     1 ||    11
         Maw               |       |       |       |       |       |     1 ||     1
   Cast: Summon Small Mamm |    40 |    11 |    20 |       |       |       ||    71
         Call Imp          |    13 |    10 |    13 |    14 |     9 |       ||    59
         Call Canine Famil |     1 |    13 |    39 |    37 |    58 |    10 ||   158
         Summon Blazeheart |       |       |    12 |    74 |    59 |     9 ||   154
         Summon Lightning  |       |       |     5 |    32 |    68 |     9 ||   114
         Blink             |       |       |     1 |     6 |     4 |     3 ||    14
         Martyr's Knell    |       |       |       |     9 |    47 |    14 ||    70
         Anguish           |       |       |       |     2 |    11 |     2 ||    15
         Tukima's Dance    |       |       |       |     1 |    10 |     2 ||    13
         Summon Cactus Gia |       |       |       |       |    96 |    54 ||   150
         Summon Forest     |       |       |       |       |     4 |    16 ||    20
 Invoke: Call Merchant     |       |       |       |     1 |     2 |       ||     3
  Evoke: Wand              |       |       |       |     5 |    18 |       ||    23
         Box of beasts     |       |       |       |       |     2 |       ||     2
         Condenser vane    |       |       |       |       |       |     1 ||     1
    Use: Scroll            |       |     2 |     9 |    14 |    11 |     6 ||    42
         Potion            |       |     2 |     2 |     4 |     1 |       ||     9
   Stab: Sleeping          |     3 |     3 |     4 |       |     1 |       ||    11
         Distracted        |       |       |     1 |     3 |     3 |       ||     7
 Armour: Skin              |    27 |    26 |    68 |   125 |   188 |    55 ||   489
  Dodge: Dodged            |    57 |    34 |   105 |   314 |   651 |   177 ||  1338
   Form: Maw               |       |       |       |       |       |     1 ||     1

Table legend: (Time is in decaauts)
 A = Elapsed time spent in this place.
 B = Non-inter-level travel time spent in this place.
 C = Inter-level travel time spent in this place.
 D = Time resting spent in this place.
 E = Time spent auto-exploring this place.
 F = Levels seen in this place.
 G = Mean time per level.
                   A        B        C        D        E       F      G
               +--------+--------+--------+--------+--------+-----+--------+
         Total |  34468 |  32497 |   1971 |   1981 |  20247 |  28 | 1231.0 |
       Dungeon |  19024 |  17931 |   1093 |    616 |  12438 |  15 | 1268.3 |
        Temple |     45 |     36 |      9 |      0 |      0 |   1 |   45.0 |
          Lair |   8731 |   8106 |    625 |    890 |   4321 |   5 | 1746.2 |
         Swamp |   4139 |   4015 |    124 |    373 |   2442 |   4 | 1034.8 |
  Orcish Mines |   2199 |   2081 |    118 |    102 |    902 |   2 | 1099.5 |
        Bazaar |    328 |    328 |      0 |      0 |    143 |   1 |  328.0 |
               +--------+--------+--------+--------+--------+-----+--------+

Top non-repeatable levels by time:
    D:10: 2349 daAuts
  Lair:5: 1916 daAuts
  Lair:1: 1832 daAuts
  Lair:4: 1755 daAuts
  Lair:3: 1687 daAuts
     D:6: 1610 daAuts
     D:8: 1587 daAuts
   Orc:2: 1548 daAuts
 Swamp:2: 1548 daAuts
 Swamp:1: 1544 daAuts
    D:11: 1540 daAuts
  Lair:2: 1539 daAuts
    D:13: 1519 daAuts
    D:14: 1441 daAuts
     D:7: 1153 daAuts
